Map: [ESL] Inside and Out

Players

Maru - Winner!

  • Race: Terran Terran
  • League: Master
  • Spawn Location: 7:00

ByuN

  • Race: Terran Terran
  • Spawn Location: 1:00

VOD

Have the link to the VOD?

Description

Time

  • Played on: Nov. 6, 2022, 6:46 a.m.
  • Length: 12:45
Show
View Real Time Build Order
Export as new Build Order

Maru Terran - Winner!

Build Orders:  

Get SALT Encoding   

  12  0:00  SCV  
  13  0:12  SCV  
  14  0:17  Supply Depot  
  14  0:24  SCV  
  15  0:38  SCV  
  15  0:40  Barracks  
  15  0:42  Refinery  
  16  0:50  SCV  
  16  0:53  Refinery  
  17  1:02  SCV  
  18  1:15  SCV  
  19  1:27  Reaper, Orbital Command  
  19  1:32  Supply Depot  
  20  1:41  Factory  
  20  1:52  SCV  
  21  1:59  Reaper  
  22  2:04  SCV  
  23  2:16  SCV  
  23  2:21  Command Center  
  24  2:25  Hellion  
  24  2:29  SCV  
  27  2:32  Barracks Reactor  
  27  2:38  Starport  
  27  2:41  SCV  
  28  2:47  Supply Depot  
  28  2:48  Factory Tech Lab  
  28  2:53  SCV  
  29  3:05  SCV  
  30  3:08  Cyclone  
  30  3:09  Marine x2  
  35  3:14  Starport Tech Lab  
  35  3:18  SCV  
  36  3:20  Refinery  
  36  3:27  Marine x2  
  32  3:44  Orbital Command  
  32  3:45  Raven  
  32  3:47  SCV  
  34  3:55  Siege Tank  
  37  3:59  SCV  
  38  4:09  SCV  
  39  4:11  SCV  
  39  4:15  Command Center  
  40  4:21  SCV  
  40  4:23  SCV  
  42  4:28  Raven  
  42  4:30  Marine x2  
  44  4:33  SCV  
  44  4:36  SCV  
  46  4:39  Siege Tank  
  46  4:42  Supply Depot  
  49  4:45  SCV  
  49  4:49  SCV  
  51  4:53  Marine x2  
  51  4:58  SCV  
  54  5:03  SCV  
  55  5:10  SCV  
  55  5:11  Raven  
  55  5:13  Barracks  
  58  5:14  Barracks  
  58  5:16  SCV  
  58  5:18  Siege Tank  
  62  5:21  Supply Depot  
  62  5:24  SCV  
  62  5:28  SCV  
  63  5:33  Orbital Command  
  63  5:37  SCV  
  63  5:40  Engineering Bay, SCV  
  63  5:42  Engineering Bay  
  65  5:49  SCV  
  66  5:50  Siege Tank  
  66  5:52  SCV  
  70  5:59  SCV  
  70  6:01  SCV  
  70  6:03  Stimpack, Marine  
  73  6:04  Barracks Reactor  
  73  6:05  SCV  
  73  6:11  SCV  
  75  6:12  Barracks Reactor  
  75  6:18  Supply Depot  
  75  6:21  Marine  
  76  6:25  Refinery  
  76  6:34  SCV  
  76  6:37  Terran Infantry Armor Level 1, Terran Infantry Weapons Level 1  
  76  6:39  SCV, Marine  
  79  6:48  Barracks  
  79  6:49  Barracks  
  79  6:50  SCV x2  
  78  6:55  Siege Tank  
  78  6:56  Marine  
  78  6:57  Marine x4  
  78  7:00  SCV  
  87  7:07  Starport Reactor  
  87  7:11  Supply Depot  
  87  7:12  Supply Depot  
  87  7:14  Marine x3  
  87  7:15  Marine x2  
  83  7:32  Marine x4  
  83  7:33  Siege Tank, Marine  
  90  7:37  SCV x2  
  90  7:42  SCV  
  90  7:43  Combat Shield  
  89  7:46  Marine x2  
  89  7:50  Marine x2  
  93  8:01  Marine x3  
  93  8:08  Supply Depot  
  93  8:17  Marine x2  
  93  8:19  Marine x2  
  93  8:20  Siege Tank  
  93  8:22  Medivac  
  92  8:28  Marine  
  92  8:30  Marine  
  92  8:31  Medivac, Marine  
  87  8:35  Marine  
  87  8:39  Marine  
  87  8:40  Orbital Command  
  87  8:41  Marine  
  78  8:42  Marine  
  78  8:50  Marine x2  
  78  8:51  Marine  
  78  8:52  Medivac  
  78  8:53  Marine  
  78  8:54  Siege Tank  
  84  9:02  Marine  
  77  9:07  Marine  
  39  9:19  Marine  
  40  9:29  Marine x2  
  41  9:35  Marine  
  42  9:45  Marine  
  43  9:47  Marine  
  46  9:54  Marine  
  46  9:57  Marine  
  42  10:09  Orbital Command, Marine  
  42  10:13  Orbital Command  
  36  10:15  Marine x2  
  35  10:34  SCV  
  35  10:35  Orbital Command  
  36  10:46  SCV  
  27  11:39  Supply Depot  
  27  12:00  SCV  
  28  12:13  SCV  
  28  12:14  Supply Depot  
  29  12:18  Marine  
  29  12:25  SCV  
Show
View Real Time Build Order
Export as new Build Order

ByuN Terran 

Build Orders:  

Get SALT Encoding   

  12  0:00  SCV  
  13  0:12  SCV  
  14  0:17  Supply Depot  
  14  0:24  SCV  
  15  0:38  SCV  
  15  0:39  Barracks  
  16  0:43  Refinery  
  16  0:50  SCV  
  16  0:52  Refinery  
  17  1:02  SCV  
  18  1:15  SCV  
  19  1:26  Reaper  
  19  1:27  Orbital Command  
  19  1:31  Supply Depot  
  20  1:40  Factory  
  20  1:52  SCV  
  21  1:58  Reaper  
  22  2:04  SCV  
  23  2:16  SCV  
  23  2:19  Command Center  
  24  2:24  Hellion  
  24  2:29  SCV  
  27  2:30  Reaper  
  27  2:36  Supply Depot  
  28  2:41  SCV  
  29  2:45  Hellion  
  31  2:55  Starport  
  31  2:57  SCV  
  32  3:02  Barracks Reactor  
  32  3:07  Factory Tech Lab  
  32  3:09  SCV  
  33  3:18  Refinery  
  33  3:21  SCV  
  33  3:26  Cyclone  
  37  3:31  Orbital Command  
  37  3:34  SCV  
  38  3:39  Marine x2  
  37  3:44  Starport Tech Lab  
  37  3:46  SCV  
  37  3:57  SCV  
  37  3:58  SCV, Marine x2  
  37  4:00  Siege Tank  
  37  4:02  Raven  
  46  4:09  SCV  
  47  4:10  SCV  
  47  4:14  Supply Depot  
  48  4:18  Marine  
  48  4:19  Marine  
  48  4:21  SCV  
  48  4:22  SCV  
  52  4:33  SCV  
  52  4:35  SCV  
  52  4:36  Siege Tank  
  52  4:37  Supply Depot  
  57  4:45  SCV  
  58  4:47  SCV  
  58  4:51  Starport  
  60  4:53  Viking  
  60  4:58  Viking, SCV  
  60  4:59  Supply Depot x2  
  65  5:04  SCV  
  65  5:10  SCV, Siege Tank  
  65  5:12  Barracks Reactor  
  69  5:16  SCV  
  69  5:21  Supply Depot, Refinery  
  70  5:22  SCV  
  70  5:23  Viking  
  73  5:29  Viking  
  73  5:32  SCV  
  73  5:34  SCV  
  77  5:37  Supply Depot  
  79  5:48  SCV x2  
  81  5:50  Supply Depot  
  81  5:56  Siege Tank  
  84  5:57  Viking  
  84  6:02  Viking  
  86  6:04  Supply Depot  
  86  6:05  Viking  
  88  6:13  Viking  
  90  6:28  Marine  
  90  6:30  Viking  
  90  6:32  Viking  
  95  6:35  Viking  
  97  6:45  Marine  
  98  6:51  Siege Tank  
  101  6:56  Liberator  
  101  7:01  Command Center  
  100  7:21  Viking  
  100  7:22  Viking  
  104  7:23  Siege Tank  
  107  7:42  Marine  
  106  7:47  Viking  
  104  7:55  Siege Tank  
  97  8:00  SCV, Marine  
  96  8:08  Viking x2  
  100  8:17  Marine  
  100  8:19  SCV x2  
  101  8:31  SCV  
  101  8:32  Siege Tank  
  103  8:36  Marine  
  62  9:04  Siege Tank  
  62  9:05  Marine  
  44  9:19  SCV x2  
  44  9:20  Viking  
  44  9:22  Marine  
  49  9:28  Viking  
  51  9:36  SCV  
  52  9:40  SCV  
  52  9:45  Viking  
  55  9:59  Marine  
  32  11:29  Orbital Command  
Tags
 
Add a new tag
Caveats
  • Supply blocks, unpowered buildings, or Contaminate may cause inaccurate times.
  • Supply counts are checked every 10 seconds.